 Dungeon Crawl Stone Soup version 0.20.1-1-g8b1a95d66d (webtiles) character file.

116530 moozooh the Peltast (level 16, -1/144 HPs)
             Began as a Minotaur Berserker on Nov 24, 2017.
             Was a High Priest of Trog.
             Slain by a jumping spider (4 damage)
             ... on level 2 of the Spider Nest.
             The game lasted 01:26:03 (15905 turns).

moozooh the Peltast (Minotaur Berserker)           Turns: 15905, Time: 01:26:04

Health: -1/144     AC:  3    Str: 26    XL:     16   Next: 21%
Magic:  0/15       EV:  5    Int:  9    God:    Trog [*****.]
Gold:   1325       SH:  0    Dex: 15    Spells: 15/15 levels left

rFire    + + .     SeeInvis +   H - +9 war axe "Mompihib" {chop, Int+3 Stlth+}
rCold    . . .     Gourm    .   L - +0 large shield
rNeg     . . .     Faith    .   F - +0 plate armour {rF+}
rPois    +         Spirit   +   T - +2 hat {MR+}
rElec    .         Reflect  .   Z - +0 cloak
rCorr    .         Harm     .   M - +0 pair of gloves
MR       +++..                  N - +2 pair of boots
Stlth    ..........             R - amulet of guardian spirit
Regen    0.4/turn               y - ring of protection from cold
MPRegen  0.2/turn               Q - ring of fire

@: corroded, held
A: retaliatory headbutt, horns 2, see invisible, clever 1, magic resistance 1,
poison resistance, strong 1
a: Berserk, Trog's Hand, Brothers in Arms, Burn Spellbooks, Renounce Religion


You were on level 2 of the Spider Nest.
You worshipped Trog.
Trog was extremely pleased with you.
You were very hungry.

You visited 4 branches of the dungeon, and saw 20 of its levels.
You also visited: Ossuary.

You collected 1388 gold pieces.
You spent 63 gold pieces at shops.

Inventory:

Hand Weapons
 l - the +12 war axe of Zizuil {drain, +Inv rC- Dex+4}
   (Trog gifted it to you on level 5 of the Lair of Beasts)

   A truly terrible weapon, it drains the life of those it strikes.
   It affects your dexterity (+4).
   It makes you vulnerable to cold.
   It lets you turn invisible.
 A - a +4 trident
 H - the +9 war axe "Mompihib" (weapon) {chop, Int+3 Stlth+}
   (You found it on level 5 of the Dungeon)

   It inflicts extra damage upon your enemies.
   It affects your intelligence (+3).
   It makes you more stealthy.
Missiles
 K - 3 poisoned tomahawks (quivered)
Armour
 p - the +5 scale mail of the Oligarchy {*Corrode +Fly rC+}
   (You found it on level 1 of the Lair of Beasts)

   It protects you from cold.
   It lets you fly.
   It may corrode you when you take damage.
 F - a +0 plate armour of fire resistance (worn)
 L - a +0 large shield (worn)
 M - a +0 pair of gloves (worn)
 N - a +2 pair of boots (worn)
 T - a +2 hat of magic resistance (worn)
 Z - a +0 cloak (worn)
Jewellery
 o - an uncursed amulet of harm
 w - an uncursed amulet of regeneration
 y - a ring of protection from cold (left hand)
 P - a +3 ring of protection
 Q - a ring of fire (right hand)
 R - an amulet of guardian spirit (around neck)
Wands
 D - a wand of polymorph (24/24)
 I - a wand of disintegration (14/24)
 O - a wand of paralysis (1/24)
 W - a wand of paralysis (11/24)
Scrolls
 a - 2 scrolls of blinking
 e - 2 scrolls of noise {unknown}
 g - a scroll of fog {unknown}
 i - 4 scrolls of recharging
 m - 2 scrolls of immolation {unknown}
 q - 6 scrolls of remove curse
 s - 3 scrolls of enchant weapon
 x - 4 scrolls of teleportation
 C - 5 scrolls of magic mapping
 E - a scroll of holy word
 S - a scroll of silence {unknown}
 Y - 2 scrolls of fear {unknown}
Potions
 b - a potion of mutation {unknown}
 f - a potion of agility {unknown}
 h - 2 potions of berserk rage {unknown}
 j - 3 potions of lignification {unknown}
 k - 3 potions of haste
 n - 3 potions of cancellation
 r - 2 potions of heal wounds
 u - 5 potions of curing
 z - 3 potions of invisibility {unknown}
 B - 2 potions of magic {unknown}
 J - a potion of flight
 U - a potion of ambrosia
 X - 3 potions of might
Comestibles
 c - 15 bread rations
 d - 10 meat rations
 t - 13 royal jellies
 v - 28 fruits
 G - 6 chunks of flesh


   Skills:
 + Level 13.2 Fighting
 - Level 15.4(16.6) Axes
 + Level 10.8(14.3) Polearms
 + Level 10.9 Armour
 + Level 7.2 Dodging
 * Level 19.4 Shields


You had 15 spell levels left.
You didn't know any spells.

Dungeon Overview and Level Annotations

Branches:
Dungeon (11/15)            Temple (0/1) D:5            Lair (6/6) D:8
  Swamp (0/4) Lair:2       Spider (2/4) Lair:3        Slime (1/5) Lair:6
    Orc (0/2) D:9

Altars:
Cheibriados
Gozag
Okawaru
Ru
Trog
Xom

Shops:
D:9 [[   D:10 =


Innate Abilities, Weirdness & Mutations

You reflexively headbutt those who attack you in melee.
You have a pair of horns on your head.
You have supernaturally acute eyesight. (SInv)
Your mind is acute. (Int +2)
You are resistant to hostile enchantments. (MR+)
Your system is resistant to poisons. (rPois)
Your muscles are strong. (Str +2)


Message History

The jumping spider bites you.
* * * LOW HITPOINT WARNING * * *
The redback bites you.
* * * LOW HITPOINT WARNING * * *
Unknown command.
You feel much better. The wolf spider hits you!
* * * LOW HITPOINT WARNING * * *
The wolf spider bites you.
* * * LOW HITPOINT WARNING * * *
The jumping spider completely misses you.
The jumping spider bites you.
* * * LOW HITPOINT WARNING * * *
The redback bites you!
* * * LOW HITPOINT WARNING * * *
The wolf spider barely misses you. You furiously retaliate!
You headbutt the wolf spider. The wolf spider bites you.
The jumping spider pounces on you.
* * * LOW HITPOINT WARNING * * *
The jumping spider bites you.
You die...

.##......#..(..#####......##
####.....^.......##........#
#.#####..........###......##
..>...#............#......#
..................##..#####
..................#......#
.........................#
...(........(..s..<....###
..............as@......#
...............s.....^##
.........s^..........##
..................<...#
.....^.....#..........#
#.....#.#..##.....##.^#
......####..#....######
.....####..##..###
.....###....####


You could see an entropy weaver, a wolf spider, a jumping spider and 2 redbacks.

Vanquished Creatures
  Gastronok (Lair:2)
  4 entropy weavers
  6 hydras
  4 catoblepae (Lair:6)
  A centaur warrior (D:10)
  4 two-headed ogres
  12 death yaks
  17 wolf spiders
  2 manticores (Lair:6)
  6 orb spiders
  5 oklob plants (Lair:1)
  4 elephants (Lair:5)
  4 black mambas
  A torpor snail (Lair:6)
  Psyche (D:8)
  A gargoyle (D:10)
  11 spiny frogs
  A rime drake (Lair:1)
  8 komodo dragons
  9 demonic crawlers
  2 trolls
  12 polar bears
  6 jumping spiders
  20 blink frogs
  A hornet (D:8)
  8 hippogriffs
  3 slime creatures (D:10)
  7 dream sheep (Lair:6)
  36 redbacks
  A human (D:7)
  A wyvern (D:8)
  12 tarantellas
  57 yaks
  A basilisk (Lair:4)
  4 hogs
  A hungry ghost (D:9)
  2 vampire mosquitoes (Spider:1)
  9 swamp worms (Lair:2)
  The ghost of ShornTheSheep the Cudgeler, an amateur GrBe of Trog (D:4)
  15 water moccasins
  4 porcupines
  An orc warrior (D:10)
  An ice beast (D:8)
  2 phantoms
  10 black bears
  9 necrophages
  3 sky beasts
  3 centaurs
  An ogre (D:3)
  5 wolves
  12 crocodiles
  6 bullfrogs
  Blork the orc (D:6)
  3 scorpions
  22 killer bees
  4 howler monkeys
  2 electric eels
  2 centaur zombies (Ossuary)
  A bullfrog zombie (D:7)
  A crimson imp (D:10)
  A quasit (D:9)
  10 hounds
  5 human zombies (Ossuary)
  A gnoll shaman (D:9)
  3 jellies
  6 orc wizards
  2 bullfrog skeletons
  3 orc priests
  Jessica (D:2)
  8 worker ants
  A big kobold zombie (Ossuary)
  2 mummies (Ossuary)
  14 gnolls
  3 adders
  A shadow imp (D:6)
  An ooze (D:1)
  4 adder zombies (Ossuary)
  18 worms
  A dart slug (D:1)
  11 leopard geckos
  26 orcs
  A ball python (D:3)
  2 bats (D:1)
  6 giant cockroaches
  A gnoll zombie (D:4)
  10 goblins
  10 hobgoblins
  10 jackals
  10 kobolds
  6 quokkas
  14 frilled lizards
  5 hobgoblin zombies (Ossuary)
  9 kobold zombies (Ossuary)
  A leopard gecko skeleton (D:9)
  11 orc zombies (Ossuary)
  6 rats
  A bush (D:1)
  4 fungi
  15 plants
638 creatures vanquished.

Vanquished Creatures (others)
  A wolf spider (Spider:2)
  3 fungi
  6 plants
10 creatures vanquished.

Grand Total: 648 creatures vanquished

Notes
Turn   | Place    | Note
-------+----------+-------------------------------------------
     0 | D:1      | moozooh the Minotaur Berserker began the quest for the Orb.
     0 | D:1      | Reached XP level 1. HP: 19/19 MP: 0/0
    67 | D:1      | Reached XP level 2. HP: 22/27 MP: 1/1
   269 | D:1      | Reached XP level 3. HP: 27/33 MP: 2/2
   307 | D:1      | Reached ** piety under Trog
  1152 | D:2      | Reached skill level 5 in Polearms
  1205 | D:2      | Found an opulent altar of Gozag.
  1322 | D:2      | Found an iron altar of Okawaru.
  1322 | D:2      | Noticed Jessica
  1336 | D:2      | Killed Jessica
  1336 | D:2      | Reached XP level 4. HP: 19/41 MP: 3/3
  1532 | D:2      | Reached XP level 5. HP: 12/47 MP: 4/4
  1559 | D:2      | Reached *** piety under Trog
  1983 | D:3      | Noticed an ogre
  1991 | D:3      | Killed an ogre
  1991 | D:3      | Reached XP level 6. HP: 53/53 MP: 5/5
  2484 | D:4      | Reached **** piety under Trog
  2484 | D:4      | Reached skill level 1 in Shields
  2595 | D:4      | Found a sand-covered staircase.
  2607 | Ossuary  | Entered an ossuary
  2743 | Ossuary  | Reached XP level 7. HP: 56/60 MP: 6/6
  2768 | Ossuary  | Reached skill level 5 in Fighting
  2802 | Ossuary  | Reached skill level 2 in Shields
  2812 | Ossuary  | Reached ***** piety under Trog
  2867 | D:4      | Noticed ShornTheSheep's ghost (amateur GrBe)
  2882 | D:4      | Killed ShornTheSheep's ghost
  3057 | D:4      | Found a shimmering altar of Xom.
  3300 | D:5      | Entered Level 5 of the Dungeon
  3315 | D:5      | Found a staircase to the Ecumenical Temple.
  3349 | D:5      | Reached skill level 3 in Shields
  3405 | D:5      | Reached XP level 8. HP: 37/69 MP: 7/7
  3508 | D:5      | Gained mutation: Scrolls take you a little longer to read. [mutagenic meat]
  3509 | D:5      | Gained mutation: Your mind is acute. (Int +2) [mutagenic meat]
  3511 | D:5      | Gained mutation: You evolve. [mutagenic meat]
  3551 | D:5      | Reached skill level 10 in Polearms
  3576 | D:5      | Got a polished war axe
  3585 | D:5      | Identified the +9 war axe "Mompihib" {chop, Int+3 Stlth+} (You found it on level 5 of the Dungeon)
  3672 | D:5      | Gained mutation: Your muscles are strong. (Str +2) [evolution]
  3681 | D:5      | Reached skill level 1 in Axes
  3889 | D:6      | Found a sacrificial altar of Ru.
  3900 | D:6      | Reached skill level 4 in Shields
  4158 | D:6      | Noticed Blork the orc
  4164 | D:6      | Killed Blork the orc
  4683 | D:7      | Reached skill level 5 in Axes
  4690 | D:7      | Received a gift from Trog
  4761 | D:7      | Reached XP level 9. HP: 72/74 MP: 8/8
  4818 | D:7      | Reached skill level 5 in Armour
  4830 | D:7      | Reached skill level 5 in Shields
  5022 | D:7      | Reached skill level 6 in Shields
  5395 | D:8      | Noticed Psyche
  5399 | D:8      | Killed Psyche
  5455 | D:8      | Noticed a troll
  5458 | D:8      | Killed a troll
  5458 | D:8      | Reached skill level 7 in Shields
  5508 | D:8      | Reached XP level 10. HP: 83/83 MP: 9/9
  5673 | D:8      | Reached skill level 10 in Axes
  5728 | D:8      | Noticed a two-headed ogre
  5735 | D:8      | Killed a two-headed ogre
  5740 | D:8      | Found a bloodstained altar of Trog.
  5769 | D:8      | Found a staircase to the Lair.
  5902 | D:9      | Found Kitonwoq's Antique Armour Shoppe.
  5962 | D:9      | Found a staircase to the Orcish Mines.
  5972 | D:9      | Reached skill level 8 in Shields
  6048 | D:9      | Found a shimmering altar of Xom.
  6178 | D:9      | Noticed a two-headed ogre
  6186 | D:9      | Killed a two-headed ogre
  6196 | D:9      | Received a gift from Trog
  6275 | D:9      | Found Raokeiq's Armour Shoppe.
  6288 | D:9      | Gained mutation: You are resistant to hostile enchantments. (MR+) [mutagenic meat]
  6289 | D:9      | Gained mutation: Your system is resistant to poisons. (rPois) [mutagenic meat]
  6290 | D:9      | Gained mutation: You are clumsy. (Dex -2) [mutagenic meat]
  6291 | D:9      | Lost mutation: You are clumsy. (Dex -2) [mutagenic meat]
  6298 | D:9      | Bought a +0 pair of boots for 63 gold pieces
  6356 | D:9      | Found a snail-covered altar of Cheibriados.
  6585 | D:10     | Entered Level 10 of the Dungeon
  6714 | D:10     | Found a huge runed gate.
  6714 | D:10     | Found a huge runed gate.
  6714 | D:10     | Found a huge runed gate.
  6714 | D:10     | Found a huge runed gate.
  6715 | D:10     | Noticed a death yak
  6743 | D:10     | Reached skill level 9 in Shields
  6758 | D:10     | Killed a death yak
  6758 | D:10     | Reached XP level 11. HP: 62/91 MP: 10/10
  6785 | D:10     | Reached skill level 10 in Shields
  6989 | D:10     | Noticed a centaur warrior
  6999 | D:10     | Killed a centaur warrior
  7045 | D:10     | Lost mutation: Scrolls take you a little longer to read. [evolution]
  7120 | D:10     | Noticed a two-headed ogre
  7126 | D:10     | Killed a two-headed ogre
  7147 | D:10     | Found an iron altar of Okawaru.
  7189 | D:10     | Reached skill level 11 in Shields
  7341 | D:10     | Found Liuvutoh's Jewellery Emporium.
  7568 | D:10     | Noticed a two-headed ogre
  7571 | D:10     | Killed a two-headed ogre
  7912 | D:11     | Noticed a seven-headed hydra
  7991 | Lair:1   | Entered Level 1 of the Lair of Beasts
  8066 | Lair:1   | Reached XP level 12. HP: 86/103 MP: 11/11
  8188 | Lair:1   | Reached skill level 12 in Shields
  8232 | Lair:1   | Got a pitted scale mail
  8238 | Lair:1   | Identified the +5 scale mail of the Oligarchy {*Corrode +Fly rC+} (You found it on level 1 of the Lair of Beasts)
  9567 | Lair:2   | Found a staircase to the Swamp.
  9578 | Lair:2   | Reached skill level 15 in Axes
  9798 | Lair:2   | Reached skill level 13 in Shields
  9875 | Lair:2   | Noticed Gastronok
  9892 | Lair:2   | Killed Gastronok
 10077 | Lair:2   | Noticed a five-headed hydra
 10087 | Lair:2   | Killed a five-headed hydra
 10257 | Lair:2   | Gained mutation: You have supernaturally acute eyesight. (SInv) [evolution]
 10298 | Lair:2   | Noticed a five-headed hydra
 10309 | Lair:2   | Killed a five-headed hydra
 10309 | Lair:2   | Reached XP level 13. HP: 45/112 MP: 6/12
 10861 | Lair:3   | Reached skill level 10 in Fighting
 11057 | Lair:3   | Reached skill level 14 in Shields
 11144 | Lair:3   | Found a hole to the Spider Nest.
 12457 | Lair:5   | Reached skill level 15 in Shields
 12502 | Lair:5   | Lost mutation: You evolve. [end of evolution]
 12616 | Lair:5   | Reached skill level 5 in Dodging
 13022 | Lair:5   | Received a gift from Trog
 13025 | Lair:5   | Got a warped war axe {god gift}
 13026 | Lair:5   | Identified the +12 war axe of Zizuil {drain, +Inv rC- Dex+4} (Trog gifted it to you on level 5 of the Lair of Beasts)
 13259 | Lair:6   | Entered Level 6 of the Lair of Beasts
 13447 | Lair:6   | Reached skill level 16 in Shields
 13680 | Lair:6   | Reached XP level 14. HP: 124/124 MP: 13/13
 13699 | Lair:6   | Found a staircase to the Slime Pits.
 14079 | Lair:6   | Reached skill level 17 in Shields
 14250 | Lair:6   | Received a gift from Trog
 14250 | Lair:6   | Reached skill level 10 in Armour
 14262 | Lair:6   | Got a twisted broad axe {god gift}
 14263 | Lair:6   | Identified the +7 broad axe of Poverty {freeze, rPois Int+3} (Trog gifted it to you on level 6 of the Lair of Beasts)
 14823 | Slime:1  | Entered Level 1 of the Pits of Slime
 14823 | Slime:1  | Noticed an azure jelly
 14823 | Slime:1  | Noticed an acid blob
 14823 | Slime:1  | Noticed an azure jelly
 14911 | Spider:1 | Entered Level 1 of the Spider Nest
 14926 | Spider:1 | Reached XP level 15. HP: 134/134 MP: 14/14
 15008 | Spider:1 | Reached skill level 18 in Shields
 15286 | Spider:1 | Received a gift from Trog
 15416 | Spider:2 | Reached XP level 16. HP: 132/143 MP: 13/15
 15785 | Spider:2 | Reached skill level 19 in Shields
 15905 | Spider:2 | HP: 6/144 [redback (8)]
 15905 | Spider:2 | Slain by a jumping spider

Skill      XL: |  1  2  3  4  5  6  7  8  9 10 11 12 13 14 15 16 |
---------------+-------------------------------------------------+-----
Polearms       | 4 5 7 8 9 10 | 10.8
Fighting       | 4 5 6 7 8 9 11 12 13 | 13.2
Armour         | 3 4 5 6 7 8 9 10 | 10.9
Shields        | 1 3 4 7 9 11 13 16 17 18 19 | 19.4
Axes           | 5 9 12 13 15 | 15.4
Dodging        | 3 4 5 7 |  7.2

Action                   |  1- 3 |  4- 6 |  7- 9 | 10-12 | 13-15 | 16-18 || total
-------------------------+-------+-------+-------+-------+-------+-------++-------
Melee: Spear             |   280 |    35 |       |       |       |       ||   315
       Headbutt          |    82 |    33 |    38 |   105 |   161 |    22 ||   441
       Trident           |       |   182 |    93 |    16 |    39 |       ||   330
       War axe           |       |       |   107 |   434 |   580 |   103 ||  1224
Invok: Berserk           |     1 |       |     2 |     1 |     4 |     1 ||     9
       Trog's Hand       |       |       |     2 |     7 |     7 |     6 ||    22
Evoke: Wand              |       |       |       |     1 |       |       ||     1
  Use: Potion            |       |       |       |     6 |     1 |     1 ||     8
       Scroll            |       |       |       |    10 |    11 |     2 ||    23
 Stab: Petrified         |       |       |       |       |     8 |       ||     8
       Petrifying        |       |       |       |       |     1 |       ||     1
  Eat: Chunk             |     2 |     6 |    15 |    23 |    24 |     4 ||    74
Armor: Animal skin       |     8 |       |       |       |       |       ||     8
       Plate armour      |     2 |    44 |    81 |   102 |    71 |    43 ||   343
       Scale mail        |       |       |       |    38 |   172 |       ||   210
Dodge: Dodged            |    47 |    30 |    15 |    58 |   149 |    24 ||   323
Block: Shield            |       |    26 |    29 |       |       |       ||    55
       Large shield      |       |       |    59 |   337 |   591 |   176 ||  1163
